 Dungeon Crawl Stone Soup version 0.25-a0-68-ge58f8a54b6 (webtiles) character file.

Game seed: 12323119104119366102, levelgen mode: deterministic

2071 kikaha the Skirmisher (level 9, 0/66 HPs)
             Began as an Octopode Assassin on Nov 2, 2019.
             Was an Initiate of Okawaru.
             Killed by divine providence
             ... invoked by an orc priest
              (8 damage)
             ... on level 6 of the Dungeon.
             The game lasted 00:09:32 (7664 turns).

kikaha the Skirmisher (Octopode Assassin)           Turns: 7664, Time: 00:09:32

Health: 0/66       AC:  1    Str: 13    XL:     9   Next: 26%
Magic:  11/11      EV: 16    Int: 19    God:    Okawaru [......]
Gold:   263        SH:  9    Dex: 16    Spells: 8/8 levels left

rFire    . . .     SeeInvis .   K - +5 mace "Vivu" {crush, Int+6}
rCold    . . .     Gourm    .   B - +0 shield
rNeg     . . .     Faith    .   (helmet restricted)
rPois    .         Spirit   .   (no amulet)
rElec    .         Reflect  .   s - +2 ring of dexterity
rCorr    .         Harm     .   (no ring)
MR       .....                  (no ring)
Stlth    ++++......             (no ring)
HPRegen  0.21/turn              (no ring)
MPRegen  0.12/turn              (no ring)
                                (no ring)
                                (no ring)

@: lethally poisoned (0 -> -2), lightly drained
A: almost no armour, stealthy swim, amphibious, 8 rings, constrict 8, camouflage
1, gelatinous body 1
a: Renounce Religion


You were on level 6 of the Dungeon.
You worshipped Okawaru.
Okawaru was noncommittal.
You were not hungry.

You visited 2 branches of the dungeon, and saw 7 of its levels.
You also visited: Sewer.

You collected 263 gold pieces.

Inventory:

Hand Weapons
 a - a +2 dagger
 g - a +4 dagger of venom
 l - a +0 hunting sling
 q - a +0 hunting sling
 y - a +0 dagger of draining
 K - the +5 mace "Vivu" (weapon) {crush, Int+6}
   (You found it on level 4 of the Dungeon)

   It inflicts extra damage upon your enemies.
   It affects your intelligence (+6).
 P - a +4 war axe
Missiles
 b - 17 poisoned darts (quivered)
 c - 2 curare-tipped darts
 e - 21 sling bullets
 h - 149 stones
 M - a throwing net {!f}
Armour
 B - a +0 shield (worn)
Jewellery
 s - a +2 ring of dexterity (left tentacle)
Wands
 t - a wand of iceblast (22)
 u - a wand of paralysis (4)
 C - a wand of scattershot (2)
 H - a wand of clouds (2)
 I - a wand of flame (11)
Scrolls
 i - 2 scrolls of noise
 n - a scroll of immolation
 p - 4 scrolls of teleportation {@r3}
 x - 2 scrolls of remove curse {@r2}
 A - a scroll of fog {unknown}
 D - a scroll of enchant armour
 F - a scroll of fear
 J - a scroll of amnesia
 L - a scroll of enchant weapon {unknown}
 O - a scroll of identify {@r1}
Potions
 f - a potion of haste {unknown}
 j - 6 potions of curing {unknown}
 k - a potion of berserk rage {unknown}
 m - 4 potions of might
 o - 2 potions of agility {unknown}
 r - 2 potions of cancellation {unknown}
 v - 2 potions of brilliance {unknown}
 w - a potion of mutation {unknown}
 z - 3 potions of heal wounds {unknown}
 E - a potion of degeneration {unknown}
 G - a potion of resistance
 N - 3 potions of lignification {unknown}
Comestibles
 d - 6 rations
 Q - 3 chunks of flesh


   Skills:
 + Level 7.9(7.7) Fighting
 - Level 2.0(1.8) Short Blades
 - Level 2.0(1.8) Throwing
 * Level 7.2(7.0) Dodging
 - Level 5.3(5.1) Stealth
 + Level 4.2(4.1) Shields
 + Level 1.8(1.6) Invocations
 * Level 2.7(2.5) Evocations


You had 8 spell levels left.
You didn't know any spells.
Your spell library was empty.

Dungeon Overview and Level Annotations

Branches:
Dungeon (6/15)             Temple (1/1) D:5           Sewer (visited)

Altars:
Ashenzari
Cheibriados
Dithmenos
Elyvilon
Hepliaklqana
Kikubaaqudgha
Nemelex Xobeh
Okawaru
Qazlal
Sif Muna
Uskayaw
Wu Jian
Xom


Innate Abilities, Weirdness & Mutations

You cannot wear most types of armour.
You are very stealthy in the water. (Stealth+)
You are amphibious.
You can wear up to eight rings at the same time.
You can use your tentacles to constrict eight enemies at once.
Your skin changes colour to match your surroundings (Stealth+).
Your rubbery body absorbs attacks. (AC +1, EV +1)


Message History

You hit the ogre.
You feel sick. The worker ant bites you.
The crimson imp blinks!
The orc priest barely misses you. The worker ant barely misses you.
The crimson imp shouts, "Go and return not, thou pottle-deep clapper-clawed pimple!"
The ogre hits you with a +0 giant club!!
* * * LOW HITPOINT WARNING * * *
The orc priest reads a scroll.
Wisps of shadow swirl around the orc priest.
You are too injured to fight recklessly!
You are too injured to fight recklessly!
Unknown command.
You feel sick. The worker ant barely misses you.
The crimson imp blinks!
You block the orc's attack. x2
You feel sick. You block the orc's attack. You block the worker ant's attack.
The crimson imp blinks!
You feel sick.
You feel sick.
The orc priest invokes the aid of Beogh against you.
Beogh smites you!
You die...

##......................
#####{#................
#.##).............. #
##.##.##.J............ #
#.5##..##S.....!...#Z# .#
#..##..a.ao.<........# o.#
#.......##oOc........#
.............#.o#o######....#
....###....####.@.####....(.#
.....#....................#.#
........>.....###.#.......#.#####
................................#
.......................##.##..
....o.................!##....#
............[<...........
............)...#########
..............# ###


You could see an ogre, a centaur, a worker ant, an orc priest and 3 orcs.

Vanquished Creatures
  Grinder (D:3)
  Prince Ribbit (D:5)
  Sigmund (D:4)
  An ice beast (D:6)
  A sky beast (D:6)
  2 centaurs (D:5)
  2 big kobolds
  2 bullfrogs
  2 scorpions (D:5)
  4 wights
  A bullfrog zombie (D:5)
  2 hounds
  Crazy Yiuf (D:4)
  2 orc wizards (D:6)
  Ijyb (D:3)
  2 worker ants
  A hound skeleton (D:6)
  Robin (D:3)
  3 gnolls (D:2)
  11 adders
  6 river rats
  2 worms
  2 dart slugs
  A leopard gecko (D:5)
  8 orcs
  6 giant cockroaches
  20 goblins
  14 hobgoblins
  10 jackals
  24 kobolds
  A quokka (D:2)
  6 ball pythons
  7 bats
  6 frilled lizards
  A quokka skeleton (D:5)
  38 rats
194 creatures vanquished.

Vanquished Creatures (others)
  An orc wizard (D:5)
1 creature vanquished.

Grand Total: 195 creatures vanquished

Notes
Turn   | Place    | Note
-------+----------+-------------------------------------------
     0 | D:1      | kikaha the Octopode Assassin began the quest for the Orb.
     0 | D:1      | Reached XP level 1. HP: 14/14 MP: 1/1
    25 | D:1      | Reached XP level 2. HP: 14/19 MP: 2/2
   518 | D:1      | Reached XP level 3. HP: 25/25 MP: 3/3
  1071 | D:2      | Reached XP level 4. HP: 25/30 MP: 4/4
  1183 | D:2      | Noticed a bullfrog
  1189 | D:2      | Killed a bullfrog
  1189 | D:2      | Reached XP level 5. HP: 28/36 MP: 5/5
  1450 | D:2      | Found a hide-covered altar of Uskayaw.
  2068 | D:3      | Noticed Robin
  2072 | D:3      | Noticed Grinder
  2105 | D:3      | Reached XP level 6. HP: 12/43 MP: 6/6
  2216 | D:3      | Found a glowing drain.
  2230 | Sewer    | Entered a sewer
  2622 | Sewer    | Reached skill level 5 in Dodging
  3462 | D:3      | Found a shadowy altar of Dithmenos.
  3759 | D:3      | Killed Robin
  3762 | D:3      | Reached XP level 7. HP: 42/49 MP: 7/7
  3815 | D:3      | Killed Grinder
  3911 | D:3      | Noticed Ijyb
  3929 | D:3      | Killed Ijyb
  4516 | D:4      | Noticed Sigmund
  4527 | D:4      | Killed Sigmund
  4527 | D:4      | Reached skill level 5 in Fighting
  4527 | D:4      | Reached skill level 1 in Shields
  4625 | D:4      | Reached XP level 8. HP: 57/57 MP: 8/8
  4911 | D:4      | Found a runed translucent door.
  4912 | D:4      | Noticed Crazy Yiuf
  4920 | D:4      | Killed Crazy Yiuf
  4924 | D:4      | Got a smoking mace
  5142 | D:5      | Entered Level 5 of the Dungeon
  5382 | D:5      | Found a hazy altar of Hepliaklqana.
  5383 | D:5      | Found a shimmering altar of Xom.
  5383 | D:5      | Noticed a tentacled monstrosity
  5384 | D:5      | Noticed a tentacled monstrosity
  5384 | D:5      | Noticed a spectral ugly thing
  5441 | D:5      | Noticed Prince Ribbit
  5454 | D:5      | Killed Prince Ribbit
  5493 | D:4      | HP: 3/60 [poisoned by a scorpion]
  5501 | D:4      | HP: 3/60 [poisoned by a scorpion]
  5843 | D:5      | Found a staircase to the Ecumenical Temple.
  6041 | Temple   | Entered the Ecumenical Temple
  6345 | D:5      | Found an iron altar of Okawaru.
  6368 | D:5      | Became a worshipper of Warmaster Okawaru
  6746 | D:6      | Reached skill level 1 in Evocations
  7061 | D:6      | Reached XP level 9. HP: 65/65 MP: 8/10
  7103 | D:6      | Identified the +5 mace "Vivu" {crush, Int+6} (You found it
                  | on level 4 of the Dungeon)
  7105 | D:6      | Reached skill level 1 in Invocations
  7664 | D:6      | Killed from afar by an orc priest

Levels and vault maps discovered:
D:1:      erik_arrival_orb_chamber, layout_loops_ring
D:2:      layout_loops_ring, kennysheep_flooded_box
D:3:      kennysheep_the_goblin_king, layout_basic, portal_sewer_entry_b,
          kennysheep_decorative_pillar, grunt_dithmenos_smoke_and_mirrors,
          uniq_robin, uniq_grinder
D:4:      layout_basic, first_ration, kennysheep_another_room, uniq_sigmund,
          uniq_crazy_yiuf_cottage
D:5:      layout_loops_ring, regret_index_temple_of_mockery, kennysheep_mini,
          minmay_temple_entry_ruins, uniq_prince_ribbit1
D:6:      layout_rooms, minmay_a_box_with_orc_wizards_in_it
Temple:   jpeg_temple_alley_garden

Skill      XL: |  1  2  3  4  5  6  7  8  9 |
---------------+----------------------------+-----
Dodging        | 2 3 4 5 6 7 |  7.2
Fighting       | 3 4 5 7 |  7.9
Shields        | 1 3 4 |  4.2
Evocations     | 1 2 |  2.7
Invocations    | 1 |  1.8
Short Blades   | |  2.0
Throwing       | |  2.0
Stealth        | |  5.3

Action                   |  1- 3 |  4- 6 |  7- 9 || total
-------------------------+-------+-------+-------++-------
Melee: Dagger            |    68 |   144 |   123 ||   335
       Constrict         |    16 |    27 |    38 ||    81
       Tentacles         |     6 |    22 |    31 ||    59
       Mace              |       |       |    30 ||    30
Evoke: Wand              |       |       |     4 ||     4
  Use: Scroll            |     3 |     5 |     1 ||     9
       Potion            |       |     1 |       ||     1
 Stab: Sleeping          |     9 |    24 |     9 ||    42
  Eat: Chunk             |       |     9 |     9 ||    18
       Ration            |       |       |     1 ||     1
Armor: Skin              |     2 |     6 |     1 ||     9
Dodge: Dodged            |    30 |    95 |    84 ||   209
Block: Shield            |       |       |    59 ||    59

Table legend:
 A = Non-vault XP
 B = Vault XP
 C = Vault XP percentage of total XP
 D = Non-vault monster count
 E = Vault monster count
 F = Vault count percentage of total count
                 A         B        C        D         E       F
            +---------+---------+-------+---------+---------+-------
      Total |    1774 |    1185 |  40.0 |     113 |      82 |  42.1
            +---------+---------+-------+---------+---------+-------
        D:1 |      28 |      12 |  30.0 |      16 |      12 |  42.9
        D:2 |     215 |       0 |   0.0 |      27 |       0 |   0.0
        D:3 |      75 |     382 |  83.6 |      23 |      19 |  45.2
        D:4 |      52 |     268 |  83.8 |       5 |       2 |  28.6
        D:5 |     751 |     268 |  26.3 |      28 |       1 |   3.4
        D:6 |     653 |       0 |   0.0 |      14 |       0 |   0.0
      Sewer |       0 |     255 | 100.0 |       0 |      48 | 100.0
            +---------+---------+-------+---------+---------+-------
